Map: Ulrena

Players

SidjeyzHK - Winner!

  • Race: Zerg Zerg
  • League: Gold

capac

  • Race: Terran Terran
  • League: Gold

VOD

Have the link to the VOD?

Description

Time

  • Played on: April 27, 2016, 3:02 p.m.
  • Length: 18:36
Show
View Real Time Build Order
Export as new Build Order

SidjeyzHK Zerg - Winner!

Build Orders: Hatch First 

Get SALT Encoding   

  12  0:03  Drone  
  13  0:11  Drone  
  14  0:17  Overlord  
  14  0:28  Extractor  
  14  0:29  Drone  
  14  0:32  Extractor  
  14  0:33  Drone  
  16  0:39  Drone  
  17  1:01  Drone x2  
  19  1:12  Hatchery  
  19  1:15  Extractor  
  17  1:18  Spawning Pool  
  17  1:29  Extractor, Drone x2  
  18  1:50  Drone  
  18  1:53  Extractor  
  18  1:55  Hatchery  
  18  1:56  Drone  
  18  1:57  Drone  
  19  2:07  Overlord  
  19  2:13  Queen  
  21  2:21  Drone  
  22  2:25  Zergling x4  
  24  2:34  Drone  
  26  2:44  Drone  
  26  2:45  Drone  
  26  2:49  Roach Warren, Drone  
  27  2:56  Queen  
  29  3:02  Zergling x4  
  31  3:09  Metabolic Boost  
  31  3:16  Drone  
  31  3:27  Zergling x8  
  31  3:28  Zergling x4  
  31  3:29  Zergling x2  
  38  3:35  Zergling x4  
  38  3:36  Zergling x2  
  38  3:49  Zergling x2  
  38  3:50  Zergling x6  
  42  4:01  Overlord x3  
  42  4:16  Overlord  
  42  4:18  Queen  
  44  4:24  Baneling Nest  
  44  4:25  Extractor, Drone x2  
  44  4:29  Drone  
  45  4:31  Drone  
  45  4:37  Drone x2  
  48  4:39  Drone  
  48  4:45  Drone x2  
  51  4:54  Evolution Chamber  
  51  4:56  Evolution Chamber  
  51  4:58  Drone  
  50  5:01  Spine Crawler  
  49  5:09  Lair  
  49  5:13  Spore Crawler  
  48  5:21  Zerg Ground Armor Level 1  
  48  5:23  Zerg Melee Weapons Level 1  
  48  5:24  Zergling x4  
  48  5:28  Drone  
  51  5:36  Drone  
  51  5:37  Drone  
  53  5:46  Hatchery  
  52  5:52  Drone x2  
  52  5:53  Drone x2  
  56  5:59  Drone x3  
  56  6:00  Drone  
  56  6:01  Drone  
  61  6:09  Pneumatized Carapace  
  61  6:15  Extractor  
  61  6:16  Zergling x8  
  64  6:21  Zergling x4  
  66  6:35  Overlord  
  66  6:36  Overlord x3  
  66  7:01  Zergling x2  
  66  7:02  Zergling x30  
  81  7:15  Hydralisk Den  
  81  7:16  Drone  
  81  7:17  Drone x6  
  87  7:29  Zerg Melee Weapons Level 2  
  87  7:39  Zergling x18  
  87  7:42  Zerg Ground Armor Level 2  
  92  8:09  Hydralisk x3  
  86  8:24  Hydralisk  
  88  8:32  Extractor  
  87  8:37  Drone x6  
  87  8:38  Drone  
  87  8:40  Extractor  
  93  8:42  Extractor  
  92  8:55  Hatchery, Burrow  
  87  9:08  Zergling x2  
  87  9:09  Hatchery, Zergling x12  
  83  9:13  Zergling x14  
  80  9:24  Zergling x8  
  83  9:35  Baneling x15  
  83  9:36  Baneling x5  
  83  9:37  Zergling x2  
  83  9:38  Zergling x6  
  86  10:03  Zergling x26, Overseer  
  85  10:30  Hydralisk x5  
  85  10:31  Hydralisk x2  
  90  11:08  Zergling x18  
  90  11:09  Zergling x6  
  87  11:23  Centrifical Hooks  
  87  11:31  Drone  
  87  11:32  Drone x7  
  95  11:34  Infestation Pit  
  94  11:48  Drone x3  
  97  11:55  Drone x6  
  97  11:56  Drone x2  
  97  12:00  Extractor  
  104  12:03  Extractor  
  104  12:04  Queen  
  104  12:05  Extractor, Drone  
  104  12:06  Extractor  
  104  12:08  Drone  
  104  12:09  Drone x2  
  104  12:10  Overlord x7  
  104  12:12  Queen  
  109  12:17  Roach x3  
  109  12:18  Overlord  
  109  12:22  Pathogen Glands  
  115  12:26  Spire  
  115  12:27  Hive  
  110  12:41  Zergling x2  
  110  12:42  Zergling x24  
  121  12:45  Baneling x10  
  110  13:09  Zergling x2  
  110  13:10  Zergling x26  
  110  13:12  Baneling  
  121  13:13  Baneling x6  
  121  13:16  Zergling x2  
  121  13:17  Zergling x6  
  107  13:51  Zergling x8  
  107  13:52  Zergling x2  
  107  13:55  Zergling x8  
  106  13:56  Zergling x12  
  106  14:02  Zergling x2  
  108  14:05  Baneling  
  108  14:06  Baneling x24  
  108  14:18  Drone x9  
  117  14:30  Drone  
  117  14:31  Drone x3  
  121  14:41  Roach x3  
  121  14:42  Roach x9  
  126  15:15  Zergling x20  
  126  15:16  Zergling x20  
  130  15:47  Zergling x4  
  132  15:58  Zergling x2  
  132  15:59  Zergling x30  
  144  16:09  Baneling  
  144  16:10  Baneling x23  
  144  16:16  Mutalisk x7  
  144  16:17  Ultralisk Cavern  
  131  16:59  Zergling x2  
  131  17:00  Zergling x28  
  125  17:23  Baneling  
  125  17:24  Baneling x13  
  125  17:33  Corruptor x3  
  125  17:34  Corruptor x8  
  125  17:35  Corruptor  
  149  17:54  Hatchery  
  148  18:00  Baneling x14  
  148  18:07  Hatchery  
  148  18:09  Baneling x13  
Show
View Real Time Build Order
Export as new Build Order

capac Terran 

Build Orders: MMM Bio 

Get SALT Encoding   

  12  0:00  SCV  
  13  0:13  SCV  
  14  0:18  Supply Depot  
  14  0:26  SCV  
  15  0:40  SCV  
  15  0:41  Barracks  
  16  0:47  Refinery  
  16  0:52  SCV  
  17  1:04  SCV  
  18  1:16  SCV  
  19  1:29  Orbital Command  
  19  1:31  Marine  
  20  1:46  Command Center  
  20  2:00  Factory  
  20  2:02  Marine  
  20  2:06  SCV  
  22  2:13  Supply Depot  
  22  2:25  SCV  
  23  2:32  Barracks Reactor  
  23  2:37  SCV  
  24  2:45  Factory Tech Lab  
  24  2:46  Barracks  
  24  2:48  Barracks  
  23  2:57  Orbital Command  
  23  3:04  Siege Tank  
  26  3:13  Bunker  
  26  3:16  SCV  
  27  3:26  Marine x2  
  28  3:28  SCV  
  28  3:32  SCV  
  30  3:37  Marine x2  
  30  3:40  SCV  
  33  3:44  Marine  
  32  3:53  SCV x2  
  34  3:59  Siege Tank  
  34  4:02  Refinery  
  37  4:12  Supply Depot  
  37  4:16  SCV  
  38  4:17  SCV  
  38  4:19  Marine x3  
  38  4:21  Barracks Tech Lab  
  42  4:28  SCV  
  42  4:29  SCV  
  44  4:37  Starport  
  44  4:38  Marine x2  
  45  4:40  SCV  
  45  4:45  Refinery  
  47  4:47  Refinery  
  47  4:52  SCV x2  
  49  4:54  Barracks Tech Lab  
  49  5:04  SCV x2  
  51  5:09  Command Center  
  51  5:16  SCV x2  
  53  5:21  Starport Tech Lab  
  53  5:25  Barracks  
  53  5:30  Marine  
  53  5:34  Combat Shields  
  53  5:35  Stimpack  
  54  5:38  Engineering Bay  
  54  5:57  Supply Depot  
  54  5:58  Supply Depot  
  54  6:10  Barracks  
  54  6:12  Barracks  
  54  6:16  Marine x3, Medivac  
  54  6:17  Terran Infantry Weapons Level 1  
  59  6:25  Supply Depot  
  59  6:37  Marauder x2  
  59  6:38  SCV x2  
  65  6:41  Marine x3  
  65  6:46  Medivac  
  69  6:58  Marine  
  70  7:05  Orbital Command  
  70  7:06  SCV x2  
  70  7:07  Marine, Bunker  
  70  7:08  Marine x2  
  75  7:13  Barracks Reactor  
  75  7:14  Barracks Reactor  
  75  7:24  Medivac  
  77  7:42  Marine x2  
  80  7:45  Marauder x2  
  83  7:54  Medivac  
  77  8:16  Marine x5  
  77  8:18  Marauder x2  
  74  8:20  Barracks Tech Lab  
  74  8:24  Concussive Shells  
  74  8:29  Medivac  
  74  8:30  Marine  
  74  8:33  Marine  
  74  8:34  Marine x4  
  79  8:39  Marauder x2  
  86  8:42  Starport  
  86  8:43  Starport, Marauder  
  86  8:44  SCV x2  
  86  8:48  Supply Depot, Marine  
  90  8:53  Supply Depot  
  90  8:55  Terran Infantry Armor Level 1  
  91  8:59  Medivac  
  91  9:00  Marauder  
  91  9:01  Marauder  
  97  9:02  Armory  
  91  9:23  Marine x3  
  91  9:24  Marine x3  
  94  9:25  Marauder  
  94  9:29  Medivac  
  101  9:42  Starport Reactor  
  101  9:47  Starport Reactor  
  91  10:03  Marine x6  
  91  10:04  Marine x2  
  89  10:20  Marine  
  89  10:21  Marine x3  
  88  10:36  SCV  
  89  10:47  Missile Turret, Medivac x2  
  89  10:48  SCV  
  93  11:00  SCV  
  93  11:02  Orbital Command  
  94  11:04  Marine x4  
  94  11:05  Marine x2  
  100  11:15  Medivac  
  100  11:16  Medivac x2  
  106  11:30  SCV x2  
  108  11:38  Missile Turret  
  108  11:42  SCV x2  
  108  11:45  SCV  
  111  11:50  Medivac  
  113  11:54  SCV x2  
  113  11:57  SCV  
  116  12:04  Marine  
  117  12:11  Supply Depot  
  117  12:14  Supply Depot  
  117  12:20  Supply Depot  
  117  12:24  Marauder, Marine x3, SCV x3  
  117  12:26  Marauder, Marine  
  128  12:36  SCV  
  119  12:56  Liberator x2  
  119  12:57  Liberator x2  
  107  13:07  Marine x2  
  107  13:08  Marine x2  
  107  13:09  Marauder x3  
  99  13:15  Marine  
  99  13:16  Marine  
  99  13:18  SCV x3  
  116  13:24  Supply Depot  
  116  13:30  Marauder x3, SCV x2  
  100  14:03  Marine  
  100  14:04  Marine x3  
  100  14:08  SCV x3  
  107  14:20  SCV x2  
  107  14:21  Liberator x2  
  109  14:29  Marine x4  
  109  14:30  Marine  
  118  14:31  Marauder x3  
  118  14:33  SCV x3  
  123  14:45  SCV  
  108  15:12  Orbital Command  
  107  15:21  Marine  
  107  15:22  Marine x8  
  116  15:39  Marine x5  
  116  15:40  Marine  
  117  16:16  Supply Depot, Liberator  
Tags
 
Composition
MMM Bio
League
GoldGold
Matchup
TvZ
Add a new tag
Caveats
  • Supply blocks, unpowered buildings, or Contaminate may cause inaccurate times.
  • Supply counts are checked every 10 seconds.